 Dungeon Sprint DCSS version 0.31-a0-1376-g36f0627844 (webtiles) character file.

Game seed: 1954182467193863296

7400000 Groucho the Intangible (level 27, -167/228 HPs)
             Began as a Djinni Warper on Dec 24, 2023.
             Was the Champion of Makhleb.
             Annihilated by a destroyer
             ... wielding a +9 heavy great sword
              (218 damage)
             ... in the Dungeon (Sprint VIII: "Arena of Blood").
             The game lasted 00:03:25 (74 turns).

Groucho the Intangible (Djinni Warper)                Turns: 74, Time: 00:03:27

Health: -167/228   AC:  6    Str: 10    XL:     27
Gold:   0          EV: 26    Int: 27    God:    Makhleb [******] SH:  0 Dex: 15

rFire   + + .        i - +∞ Axe of Woe
rCold   x . .        (shield currently unavailable)
rNeg    . . .        b - +0 leather armour
rPois   ∞            (no helmet)
rElec   .            (no cloak)
rCorr   .            (no gloves)
SInv    +            (boots unavailable)
Will    ++...        (no amulet)
Stlth   +++++++++    k - ring of see invisible
HPRegen 0.58/turn    (no ring)
MPRegen 0.00/turn

%: no teleportation, infuse magic (-168 HP)
@: flying, slowed, very slow
A: sickness immunity, fire resistance 2, cold vulnerability 1, float, innate
caster, HP casting, extra vitality 1
a: Renounce Religion, Minor Destruction, Lesser Servant of Makhleb, Major
Destruction, Greater Servant of Makhleb


You were in the Dungeon.
You worshipped Makhleb.
Makhleb was exalted by your worship.
You visited 1 branch

Inventory:

Hand Weapons
 a - a +0 hand axe
 i - the +∞ Axe of Woe (weapon)
   (You found it in the Dungeon)
Missiles
 d - 7 darts of dispersal
Armour
 b - a +0 leather armour (worn)
Jewellery
 j - a +30 ring of slaying
 k - a ring of see invisible (left hand)
 l - a +200 ring of slaying
Scrolls
 c - a scroll of blinking
Potions
 e - a potion of curing
 f - a potion of heal wounds
 g - a potion of haste
 h - a potion of berserk rage


   Skills:
 O Level 27 Fighting
 O Level 27 Short Blades
 O Level 27 Long Blades
 O Level 27 Axes
 O Level 27 Maces & Flails
 O Level 27 Polearms
 O Level 27 Staves
 O Level 27 Ranged Weapons
 O Level 27 Throwing
 O Level 27 Armour
 O Level 27 Dodging
 O Level 27 Stealth
 O Level 27 Shields
 O Level 27 Unarmed Combat
 O Level 27 Spellcasting
 O Level 27 Conjurations
 O Level 27 Hexes
   Level 0.0 Charms
 O Level 27 Summonings
 O Level 27 Necromancy
 O Level 27 Translocations
   Level 0.0 Transmutations
 O Level 27 Fire Magic
 O Level 27 Ice Magic
 O Level 27 Air Magic
 O Level 27 Earth Magic
 O Level 27 Alchemy
 O Level 27 Invocations
 O Level 27 Evocations
 O Level 27 Shapeshifting


You knew the following spells:

 Your Spells              Type           Power      Damage    Failure   Level
a - Blink                 Tloc           100%       N/A       0%          2
b - Lesser Beckoning      Tloc           100%       N/A       0%          2
c - Teleport Other        Tloc           100%       N/A       0%          3
d - Manifold Assault      Tloc           100%       N/A       0%          4
e - Vhi's Electric Charg  Tloc/Air       100%       N/A       0%          4
f - Summon Small Mammal   Summ           100%       N/A       0%          1
g - Searing Ray           Conj           100%       2d8       0%          2
h - Volatile Blastmotes   Fire/Tloc      100%       2d18      0%          3
i - Petrify               Alch/Erth      100%       N/A       0%          4
j - Alistair's Intoxicat  Alch           73%        N/A       0%          5
k - Metabolic Englaciati  Hex/Ice        55%        N/A       0%          5
l - Death Channel         Necr           55%        N/A       0%          6
m - Starburst             Conj/Fire      55%        6d15      0%          6
n - Bombard               Conj/Erth      55%        9d9       0%          6
o - Infestation           Necr           55%        N/A       1%          8
p - Orb of Destruction    Conj           55%        9d14      0%          7
q - Lehudib's Crystal Sp  Conj/Erth      55%        10d13     1%          8
r - Shatter               Erth           55%        3d41*     1%          9
Your spell library was empty.

Dungeon Overview and Level Annotations

Branches:
Dungeon (1/1)

Altars:
Makhleb

Annotations:
D The Servant


Innate Abilities, Weirdness & Mutations

You are immune to sickness and miasma.
You are immune to poison.
Your flesh is very heat resistant. (rF++)
You are vulnerable to cold. (rC-)
You float through the air rather than walking.
You learn spells naturally, not from books.
Your magical power is your life essence.
You have superior vitality. (+4 MHP)


Message History

You kill the bag of meat!
Makhleb accepts your kill.
You feel better.
You slice the bag of meat!! You chop the bag of meat into pieces.
You kill the bag of meat!
Makhleb accepts your kill.
You hit the bag of meat but do no damage.
You dissect the bag of meat like a pig carcass.
You kill the bag of meat!
Makhleb accepts your kill.
You are engulfed in blazing flames.
You resist.
The meat beast is engulfed in blazing flames.
A bag of meat comes into view. It is wielding a +9 war axe.
The Servant hits you from afar with a +9 glaive of flaming!!!!
Ouch! That really hurt!
The Servant burns you!!
* * * LOW HITPOINT WARNING * * *
The meat beast is engulfed in blazing flames.
The meat beast bites you but does no damage.
The meat beast tramples you!
* * * LOW HITPOINT WARNING * * *
You hold your ground!
Blink to where?
Press: ? - help, Dir - move target 3 bags of meat, a sculptor of flesh, an eight-headed meat hydra, 3 destroyers and 3 ogres come into view.
A destroyer is wielding a +9 heavy great sword.
A destroyer is wielding a +9 heavy great sword.
A destroyer is wielding a +9 heavy great sword.
As you read the scroll of blinking, it crumbles to dust.
The eight-headed meat hydra appears out of thin air!
An eight-headed meat hydra comes into view.
The wretched soul appears out of thin air!
A wretched soul comes into view.
The meat beast is engulfed in blazing flames. x2
The destroyer points at you and mumbles some strange words.
The destroyer blinks!
The bag of meat is engulfed in blazing flames.
A meat berserker comes into view. It is wielding a +9 battleaxe.
A meat beast comes into view.
The destroyer hits you with a +9 heavy great sword!!!!!
Ouch! That really hurt!
You die...

........###o.o...
#.......z_.....
.Vo...#.....#
..O...#O)<._#...
.VO).)#.)..§#§2o
#.o.....)_).).O....
..))....###O.§.....
...###.DV.)..###...
..).#.@○○o).#.....
.....#.))....#...
.....o.)).....)..
...oo).))..)).W).
.)..o)2W..@)))).#
).)...))o.)V))##.
...)#).§)§o))#)..
.)..).D§°o)))#.).
...##.#§§§)...)..


You could see 2 meat beasts, The Servant, 2 eight-headed meat hydras, 4
destroyers, a sculptor of flesh (wandering), a large bag of meat (wandering,
inner flame), a dread, 4 meat berserkers, a wretched soul (wandering, invisible)
and 10 bags of meat.

Vanquished Creatures
  3 hell beasts (D)
  2 royal mummies (D)
  7 vampire knights (D)
  24 ogres (D)
  7 two-headed ogres (D)
  4 liches (D)
  59 orcs (D)
  2 skeletal warriors (D)
108 creatures vanquished.

Notes
Turn   | Place    | Note
-------+----------+-------------------------------------------
     0 | D        | Found the +∞ Axe of Woe
     0 | D        | Groucho the Djinni Warper began the quest for the Orb.
     0 | D        | Groucho set off with the following spells memorised: Blink,
                  | Lesser Beckoning, Teleport Other, Manifold Assault, Vhi's
                  | Electric Charge.
     0 | D        | Reached XP level 1. HP: 18/18 MP: 0/0
     2 | D        | Noticed a bag of meat
     2 | D        | Noticed a bag of meat
     4 | D        | Became a worshipper of Makhleb the Destroyer
     4 | D        | Noticed a bag of meat
     4 | D        | Noticed a bag of meat
     4 | D        | Noticed a bag of meat
     7 | D        | Noticed a meat berserker
     8 | D        | Killed a bag of meat
     9 | D        | Reached XP level 2. HP: 23/23 MP: 0/0
     9 | D        | Reached XP level 3. HP: 28/28 MP: 0/0
     9 | D        | Learned a level 1 spell: Summon Small Mammal
     9 | D        | Reached XP level 4. HP: 33/33 MP: 0/0
     9 | D        | Reached XP level 5. HP: 38/38 MP: 0/0
     9 | D        | Learned a level 2 spell: Searing Ray
     9 | D        | Reached XP level 6. HP: 43/43 MP: 0/0
     9 | D        | Reached XP level 7. HP: 49/49 MP: 0/0
     9 | D        | Learned a level 3 spell: Volatile Blastmotes
     9 | D        | Reached XP level 8. HP: 54/54 MP: 0/0
     9 | D        | Reached XP level 9. HP: 58/58 MP: 0/0
     9 | D        | Learned a level 4 spell: Petrify
     9 | D        | Reached XP level 10. HP: 64/64 MP: 0/0
     9 | D        | Reached XP level 11. HP: 68/68 MP: 0/0
     9 | D        | Learned a level 5 spell: Alistair's Intoxication
     9 | D        | Killed a bag of meat
     9 | D        | Reached * piety under Makhleb
     9 | D        | Killed a bag of meat
     9 | D        | Killed a bag of meat
    10 | D        | Reached XP level 12. HP: 74/74 MP: 0/0
    10 | D        | Reached XP level 13. HP: 78/78 MP: 0/0
    10 | D        | Learned a level 5 spell: Metabolic Englaciation
    10 | D        | Killed a meat berserker
    10 | D        | Reached ** piety under Makhleb
    11 | D        | Reached XP level 14. HP: 85/85 MP: 0/0
    11 | D        | Noticed a bag of meat
    11 | D        | Noticed a bag of meat
    11 | D        | Noticed a bag of meat
    12 | D        | Killed a bag of meat
    12 | D        | Killed a bag of meat
    12 | D        | Killed a bag of meat
    12 | D        | Reached *** piety under Makhleb
    12 | D        | Noticed a meat berserker
    12 | D        | Noticed a bag of meat
    13 | D        | Reached XP level 15. HP: 89/89 MP: 0/0
    13 | D        | Learned a level 6 spell: Death Channel
    13 | D        | Killed a meat berserker
    14 | D        | Reached skill level 27 in Dodging
    14 | D        | Reached XP level 16. HP: 94/94 MP: 0/0
    15 | D        | Noticed a meat berserker
    15 | D        | Noticed a meat berserker
    16 | D        | Noticed a large bag of meat
    17 | D        | Reached **** piety under Makhleb
    18 | D        | Reached XP level 17. HP: 99/99 MP: 0/0
    18 | D        | Learned a level 6 spell: Starburst
    18 | D        | Killed a large bag of meat
    18 | D        | Reached ***** piety under Makhleb
    18 | D        | Killed a meat berserker
    18 | D        | Killed a meat berserker
    18 | D        | Noticed a meat berserker
    18 | D        | Noticed a large bag of meat
    19 | D        | Reached skill level 27 in Axes
    19 | D        | Reached skill level 27 in Spellcasting
    19 | D        | Reached skill level 27 in Conjurations
    19 | D        | Reached skill level 27 in Hexes
    19 | D        | Reached skill level 27 in Summonings
    19 | D        | Reached skill level 27 in Necromancy
    19 | D        | Reached skill level 27 in Translocations
    19 | D        | Reached skill level 27 in Fire Magic
    19 | D        | Reached skill level 27 in Ice Magic
    19 | D        | Reached skill level 27 in Air Magic
    19 | D        | Reached skill level 27 in Earth Magic
    19 | D        | Reached skill level 27 in Alchemy
    19 | D        | Reached XP level 18. HP: 141/141 MP: 0/0
    19 | D        | Noticed a meat berserker
    21 | D        | Killed a large bag of meat
    21 | D        | Reached ****** piety under Makhleb
    21 | D        | Killed a meat berserker
    21 | D        | Noticed a meat berserker
    22 | D        | Reached skill level 27 in Fighting
    22 | D        | Reached XP level 19. HP: 170/174 MP: 0/0
    22 | D        | Learned a level 6 spell: Bombard
    22 | D        | Killed a meat berserker
    23 | D        | Reached XP level 20. HP: 181/181 MP: 0/0
    24 | D        | Noticed a meat berserker
    24 | D        | Noticed a large bag of meat
    25 | D        | Killed a large bag of meat
    25 | D        | Killed a meat berserker
    26 | D        | Reached XP level 21. HP: 187/187 MP: 0/0
    26 | D        | Learned a level 8 spell: Infestation
    26 | D        | Noticed a meat berserker
    26 | D        | Noticed a meat berserker
    28 | D        | Killed a meat berserker
    29 | D        | Killed a meat berserker
    29 | D        | Noticed a destroyer
    29 | D        | Noticed a meat berserker
    30 | D        | Reached skill level 27 in Armour
    30 | D        | Reached skill level 27 in Stealth
    30 | D        | Reached skill level 27 in Invocations
    30 | D        | Reached skill level 1 in Short Blades
    30 | D        | Reached skill level 1 in Long Blades
    30 | D        | Reached skill level 1 in Maces & Flails
    30 | D        | Reached skill level 1 in Polearms
    30 | D        | Reached skill level 1 in Staves
    30 | D        | Reached skill level 1 in Ranged Weapons
    30 | D        | Reached skill level 1 in Throwing
    30 | D        | Reached skill level 1 in Shields
    30 | D        | Reached skill level 1 in Unarmed Combat
    30 | D        | Reached skill level 1 in Evocations
    30 | D        | Reached skill level 1 in Shapeshifting
    30 | D        | Reached XP level 22. HP: 194/194 MP: 0/0
    30 | D        | Killed a meat berserker
    30 | D        | Killed a destroyer
    30 | D        | Noticed a destroyer
    31 | D        | Noticed a destroyer
    31 | D        | Noticed a large bag of meat
    32 | D        | Killed a destroyer
    32 | D        | Killed a meat berserker
    33 | D        | Reached skill level 10 in Maces & Flails
    33 | D        | Reached skill level 10 in Polearms
    33 | D        | Reached skill level 10 in Ranged Weapons
    33 | D        | Reached skill level 10 in Throwing
    33 | D        | Reached skill level 10 in Shapeshifting
    33 | D        | Reached XP level 23. HP: 201/201 MP: 0/0
    33 | D        | Learned a level 7 spell: Orb of Destruction
    34 | D        | Killed a large bag of meat
    38 | D        | Killed a destroyer
    39 | D        | Reached skill level 15 in Short Blades
    39 | D        | Reached skill level 15 in Long Blades
    39 | D        | Reached skill level 15 in Staves
    39 | D        | Reached XP level 24. HP: 208/208 MP: 0/0
    40 | D        | Noticed a destroyer
    41 | D        | Noticed a destroyer
    41 | D        | Noticed a large bag of meat
    43 | D        | Killed a destroyer
    44 | D        | Reached skill level 15 in Maces & Flails
    44 | D        | Reached skill level 15 in Polearms
    44 | D        | Reached skill level 15 in Ranged Weapons
    44 | D        | Reached skill level 15 in Throwing
    44 | D        | Reached skill level 15 in Shapeshifting
    44 | D        | Reached XP level 25. HP: 214/214 MP: 0/0
    44 | D        | Learned a level 8 spell: Lehudib's Crystal Spear
    44 | D        | Killed a large bag of meat
    44 | D        | Killed a destroyer
    48 | D        | Noticed a tyrant
    50 | D        | Killed a tyrant
    51 | D        | Reached XP level 26. HP: 221/221 MP: 0/0
    53 | D        | Noticed a destroyer
    55 | D        | Killed a destroyer
    56 | D        | Noticed an accursed
    56 | D        | Noticed a destroyer
    57 | D        | Noticed a tyrant
    57 | D        | Noticed a tyrant
    57 | D        | Noticed an accursed
    58 | D        | Noticed an accursed
    58 | D        | Killed an accursed
    58 | D        | Killed an accursed
    59 | D        | Reached XP level 27. HP: 116/228 MP: 0/0
    59 | D        | Learned a level 9 spell: Shatter
    59 | D        | Noticed a meat beast
    59 | D        | Killed a meat beast
    59 | D        | Noticed a tyrant
    59 | D        | Noticed a large bag of meat
    60 | D        | Killed a tyrant
    60 | D        | Killed a large bag of meat
    60 | D        | Killed a tyrant
    61 | D        | Reached skill level 27 in Shields
    61 | D        | Reached skill level 27 in Unarmed Combat
    61 | D        | Reached skill level 27 in Evocations
    61 | D        | Killed a tyrant
    61 | D        | Noticed a meat beast
    62 | D        | Noticed a meat beast
    65 | D        | Noticed a large bag of meat
    65 | D        | Noticed a destroyer
    67 | D        | Reached skill level 27 in Short Blades
    67 | D        | Reached skill level 27 in Long Blades
    67 | D        | Reached skill level 27 in Staves
    68 | D        | Killed a meat beast
    68 | D        | Noticed The Servant
    69 | D        | Reached skill level 27 in Maces & Flails
    69 | D        | Reached skill level 27 in Polearms
    69 | D        | Reached skill level 27 in Ranged Weapons
    69 | D        | Reached skill level 27 in Throwing
    69 | D        | Reached skill level 27 in Shapeshifting
    69 | D        | Killed a destroyer
    70 | D        | Killed a meat beast
    70 | D        | Noticed a meat beast
    72 | D        | Killed a large bag of meat
    72 | D        | Noticed a destroyer
    72 | D        | Noticed a dread
    74 | D        | Noticed a destroyer
    74 | D        | Noticed a large bag of meat
    74 | D        | Noticed a destroyer
    74 | D        | Noticed a destroyer
    74 | D        | Noticed a meat beast
    74 | D        | Annihilated by a destroyer

Illustrated notes

Levels and vault maps discovered:
D:        meatsprint

Skill      XL: |  1  2  3  4  5  6  7  8  9 10 11 12 13 14 15 16 17 18 19 20 21 22 23 24 25 26 27 |
---------------+----------------------------------------------------------------------------------+-----
Axes           | 12 17 18 20 22 24 27 | 27.0
Dodging        | 16 21 23 25 27 | 27.0
Spellcasting   | 12 16 17 19 21 23 27 | 27.0
Conjurations   | 12 16 17 19 21 23 27 | 27.0
Hexes          | 12 16 17 19 21 23 27 | 27.0
Summonings     | 12 16 17 19 21 23 27 | 27.0
Necromancy     | 12 16 17 19 21 23 27 | 27.0
Translocations | 12 16 17 19 21 23 27 | 27.0
Fire Magic     | 12 16 17 19 21 23 27 | 27.0
Ice Magic      | 12 16 17 19 21 23 27 | 27.0
Air Magic      | 12 16 17 19 21 23 27 | 27.0
Earth Magic    | 12 16 17 19 21 23 27 | 27.0
Alchemy        | 12 16 17 19 21 23 27 | 27.0
Fighting       | 16 27 | 27.0
Armour         | 13 19 24 27 | 27.0
Stealth        | 12 17 22 27 | 27.0
Invocations    | 13 19 24 27 | 27.0
Short Blades   | 1 11 15 16 19 23 27 | 27.0
Long Blades    | 1 11 15 16 19 23 27 | 27.0
Maces & Flails | 1 10 13 15 18 21 27 | 27.0
Polearms       | 1 10 13 15 18 21 27 | 27.0
Staves         | 1 11 15 16 19 23 27 | 27.0
Ranged Weapons | 1 10 13 15 18 21 27 | 27.0
Throwing       | 1 10 13 15 18 21 27 | 27.0
Shields        | 1 12 16 18 21 24 27 | 27.0
Unarmed Combat | 1 12 16 18 21 24 27 | 27.0
Evocations     | 1 12 16 18 21 24 27 | 27.0
Shapeshifting  | 1 10 13 15 18 21 27 | 27.0

Action                     |  1- 3 |  4- 6 |  7- 9 | 10-12 | 13-15 | 16-18 | 19-21 | 22-24 | 25-27 || total
---------------------------+-------+-------+-------+-------+-------+-------+-------+-------+-------++-------
  Melee: Executioner's axe |     1 |       |       |     1 |     6 |    16 |    14 |    21 |    39 ||    98
   Cast: Manifold Assault  |       |       |       |       |     2 |     4 |     4 |     5 |     8 ||    23
    Use: Scroll            |       |       |       |       |       |       |       |       |     1 ||     1
 Armour: Leather armour    |       |       |       |       |       |       |       |       |    10 ||    10
  Dodge: Dodged            |       |       |       |       |       |       |       |       |     3 ||     3

Table legend: (Time is in decaauts)
 A = Elapsed time spent in this place.
 B = Non-inter-level travel time spent in this place.
 C = Inter-level travel time spent in this place.
 D = Time resting spent in this place.
 E = Time spent auto-exploring this place.
 F = Levels seen in this place.
 G = Mean time per level.
                   A        B        C        D        E       F      G
               +--------+--------+--------+--------+--------+-----+--------+
         Total |     70 |     70 |      0 |      0 |      0 |   1 |   70.0 |
       Dungeon |     70 |     70 |      0 |      0 |      0 |   1 |   70.0 |
               +--------+--------+--------+--------+--------+-----+--------+

Top non-repeatable levels by time:
       D: 70 daAuts
